 Dungeon Crawl Stone Soup version 0.21.1-1-g345015f (webtiles) character file.

900 buskinjo2 the Charmwright (level 8, 5/63 HPs)
             Began as a Gnoll Skald on Mar 1, 2018.
             Was an Initiate of Gozag.
             Quit the game on level 6 of the Dungeon.
             The game lasted 00:14:59 (7035 turns).

buskinjo2 the Charmwright (Gnoll Skald)             Turns: 7035, Time: 00:15:00

Health: 5/63       AC:  5    Str: 13    XL:     8   Next: 7%
Magic:  5/16       EV: 13    Int: 19    God:    Gozag
Gold:   149        SH:  0    Dex: 14    Spells: 7/18 levels left

rFire    . . .     SeeInvis .   m - +0 flail
rCold    . . .     Gourm    .   (no shield)
rNeg     . . .     Faith    .   v - +0 ring mail
rPois    .         Spirit   .   (no helmet)
rElec    .         Reflect  .   (no cloak)
rCorr    .         Harm     .   (no gloves)
MR       .....                  (no boots)
Stlth    +.........             (no amulet)
HPRegen  0.20/turn              (no ring)
MPRegen  0.15/turn              (no ring)

@: very slightly contaminated, drained
A: distributed training, fangs 1, strong nose
a: Potion Petition, Call Merchant, Bribe Branch, Renounce Religion


You were on level 6 of the Dungeon.
You worshipped Gozag.
Gozag was aware of your devotion.
You were not hungry.

You visited 2 branches of the dungeon, and saw 7 of its levels.

You collected 246 gold pieces.
You paid 97 gold pieces to Gozag.

Inventory:

Hand Weapons
 j - a +1 vampiric falchion
 m - a +0 flail (weapon)
Armour
 v - a +0 ring mail (worn)
Magical Staves
 t - an uncursed staff of fire
Jewellery
 u - an uncursed amulet of harm {unknown}
Wands
 b - a wand of acid (9)
 r - a wand of random effects (20)
Scrolls
 a - a scroll of amnesia
 h - 2 scrolls of teleportation
 k - 2 scrolls of magic mapping
 l - a scroll of remove curse
Potions
 e - a potion of might {unknown}
 f - 2 potions of curing
 g - 3 potions of heal wounds
 n - 2 potions of flight
 o - a potion of degeneration {unknown}
 p - 2 potions of mutation
 q - a potion of cancellation {unknown}
 s - a potion of lignification {unknown}
 w - a potion of resistance {unknown}
Books
 c - a book of Battle

   Spells                             Type                      Level
   a - Infusion                       Charms                       1
   b - Shroud of Golubria             Charms/Translocation         2
   c - Song of Slaying                Charms                       2
   d - Spectral Weapon                Hexes/Charms                 3
   e - Regeneration                   Charms/Necromancy            3
Comestibles
 d - 6 rations


   Skills:
 + Level 5.4(4.8) Fighting
 + Level 2.8(2.3) Short Blades
 + Level 2.8(2.3) Long Blades
 + Level 2.8(2.3) Axes
 + Level 5.4(4.8) Maces & Flails
 + Level 2.8(2.3) Polearms
 + Level 2.8(2.3) Staves
 + Level 2.8(2.3) Slings
 + Level 2.8(2.3) Bows
 + Level 2.8(2.3) Crossbows
 + Level 2.8(2.3) Throwing
 + Level 3.9(3.3) Armour
 + Level 5.4(4.8) Dodging
 + Level 2.8(2.3) Stealth
 + Level 2.8(2.3) Shields
 + Level 2.8(2.3) Unarmed Combat
 + Level 5.8(5.2) Spellcasting
 + Level 2.3(1.8) Conjurations
 + Level 2.3(1.8) Hexes
 + Level 6.0(5.4) Charms
 + Level 2.3(1.8) Summonings
 + Level 2.3(1.8) Necromancy
 + Level 2.3(1.8) Translocations
 + Level 2.3(1.8) Transmutations
 + Level 2.3(1.8) Fire Magic
 + Level 2.3(1.8) Ice Magic
 + Level 2.3(1.8) Air Magic
 + Level 2.3(1.8) Earth Magic
 + Level 2.3(1.8) Poison Magic
 + Level 3.1(2.6) Invocations
 + Level 2.8(2.3) Evocations


You had 7 spell levels left.
You knew the following spells:

 Your Spells              Type           Power        Failure   Level  Hunger
a - Infusion              Chrm           ####         2%          1    None
b - Song of Slaying       Chrm           ####....     4%          2    #......
c - Shroud of Golubria    Chrm/Tloc      ###.......   9%          2    #......
d - Regeneration          Chrm/Necr      ###.......   17%         3    ##.....
e - Spectral Weapon       Hex/Chrm       ###.....     17%         3    ##.....


Dungeon Overview and Level Annotations

Branches:
Dungeon (6/15)             Temple (1/1) D:5

Altars:
Cheibriados
Dithmenos
Elyvilon
Fedhas
Gozag
Hepliaklqana
Kikubaaqudgha
Makhleb
Nemelex Xobeh
Okawaru
Qazlal
Ru
Sif Muna
Uskayaw
Vehumet
Xom
Yredelemnul

Annotations:
D:5 exclusion: downstairs, Dowan, Duvessa


Innate Abilities, Weirdness & Mutations

Your experience applies equally to all skills.
You have very sharp teeth.
Your uncanny sense of smell can sniff out nearby items.


Message History

The orc warrior misses you.
Casting: Spectral Weapon
Confirm with . or Enter, or press ? or * to list all spells.
Okay, then.
Okay, then.
You feel much better. The orc warrior misses you.
All of the chunks of flesh in your inventory have rotted away.
You see here 16 arrows.
You closely miss the orc warrior.
The orc wizard looks encouraged for a moment.
The orc warrior closely misses you.
You hit the orc warrior.
The orc warrior is lightly wounded.
The orc warrior hits you with a mace!
* * * LOW HITPOINT WARNING * * *
Unknown command.
Casting: Spectral Weapon
Confirm with . or Enter, or press ? or * to list all spells.
Okay, then.
Are you sure you want to abandon this character and quit the game? (Confirm with "yes".)

#### ######........## #.......#
#########..######... .# #..#
##.>.......## ##.. .#####..#
###..######### ######..
.......###...## #####.......
###.......### ###.........##
###...### #####...##.....##
#####.#.######.....##...#####
#.........oozo@# #..###
#.####.###.o########.###
#....#..###.##.o....$..#
#....###z#..........#
########.....o..o.....$..#
...........####..........#
...........## ##o..(......# ####
............# #..........# #...
.........#....##.....>.....###.#


You could see an orc warrior, a wight, an orc priest and 2 orc wizards.

Vanquished Creatures
  A scorpion (D:5)
  2 wights (D:6)
  A howler monkey (D:4)
  2 crimson imps
  A centaur zombie (D:6)
  A hound (D:5)
  3 orc priests (D:3)
  2 orc wizards
  Ijyb (D:5)
  An iguana (D:4)
  4 worker ants (D:4)
  A hound zombie (D:5)
  2 worker ant zombies (D:5)
  6 adders
  7 gnolls
  A shadow imp (D:5)
  An ooze (D:1)
  3 adder skeletons
  4 worms
  2 dart slugs
  4 leopard geckos
  18 orcs
  A ball python (D:1)
  10 bats
  8 giant cockroaches
  4 goblins
  7 hobgoblins
  5 jackals
  4 kobolds
  5 frilled lizards
  A leopard gecko zombie (D:5)
  8 rats
121 creatures vanquished.

Notes
Turn   | Place    | Note
-------+----------+-------------------------------------------
     0 | D:1      | buskinjo2 the Gnoll Skald began the quest for the Orb.
     0 | D:1      | Reached XP level 1. HP: 20/20 MP: 6/6
   253 | D:1      | Reached XP level 2. HP: 26/26 MP: 7/7
   482 | D:1      | Reached XP level 3. HP: 12/31 MP: 9/9
   579 | D:1      | Reached skill level 5 in Spellcasting
   832 | D:2      | Reached skill level 1 in Invocations
   871 | D:1      | Learned a level 2 spell: Song of Slaying
   874 | D:1      | Learned a level 2 spell: Shroud of Golubria
   878 | D:1      | Learned a level 3 spell: Regeneration
   882 | D:1      | Learned a level 3 spell: Spectral Weapon
  1169 | D:2      | Reached skill level 1 in Short Blades
  1169 | D:2      | Reached skill level 1 in Long Blades
  1169 | D:2      | Reached skill level 1 in Axes
  1169 | D:2      | Reached skill level 1 in Polearms
  1169 | D:2      | Reached skill level 1 in Staves
  1169 | D:2      | Reached skill level 1 in Slings
  1169 | D:2      | Reached skill level 1 in Bows
  1169 | D:2      | Reached skill level 1 in Crossbows
  1169 | D:2      | Reached skill level 1 in Throwing
  1169 | D:2      | Reached skill level 1 in Stealth
  1169 | D:2      | Reached skill level 1 in Shields
  1169 | D:2      | Reached skill level 1 in Unarmed Combat
  1169 | D:2      | Reached skill level 1 in Evocations
  1169 | D:2      | Reached XP level 4. HP: 38/38 MP: 7/11
  1495 | D:2      | Found a shadowy altar of Dithmenos.
  1513 | D:2      | Reached skill level 1 in Conjurations
  1513 | D:2      | Reached skill level 1 in Hexes
  1513 | D:2      | Reached skill level 1 in Summonings
  1513 | D:2      | Reached skill level 1 in Necromancy
  1513 | D:2      | Reached skill level 1 in Translocations
  1513 | D:2      | Reached skill level 1 in Transmutations
  1513 | D:2      | Reached skill level 1 in Fire Magic
  1513 | D:2      | Reached skill level 1 in Ice Magic
  1513 | D:2      | Reached skill level 1 in Air Magic
  1513 | D:2      | Reached skill level 1 in Earth Magic
  1513 | D:2      | Reached skill level 1 in Poison Magic
  1654 | D:2      | Found a sacrificial altar of Ru.
  1732 | D:2      | Reached XP level 5. HP: 30/43 MP: 12/12
  1849 | D:2      | Found a white marble altar of Elyvilon.
  2467 | D:3      | Reached XP level 6. HP: 8/50 MP: 6/13
  2762 | D:3      | Found an ancient bone altar of Kikubaaqudgha.
  3343 | D:4      | Reached skill level 5 in Fighting
  3343 | D:4      | Reached skill level 5 in Maces & Flails
  3343 | D:4      | Reached skill level 5 in Dodging
  4203 | D:4      | Found a hazy altar of Hepliaklqana.
  4206 | D:4      | Found a burning altar of Makhleb.
  4219 | D:4      | Reached XP level 7. HP: 36/56 MP: 15/15
  4585 | D:5      | Entered Level 5 of the Dungeon
  4585 | D:5      | Noticed Duvessa
  4585 | D:5      | Noticed Dowan
  4889 | D:5      | HP: 2/56 [gnoll/whip (10)]
  5334 | D:4      | HP: 2/56 [gnoll/halberd (3)]
  6057 | D:5      | Noticed Ijyb
  6077 | D:5      | Killed Ijyb
  6091 | D:5      | Found a staircase to the Ecumenical Temple.
  6106 | Temple   | Entered the Ecumenical Temple
  6909 | D:6      | Found a stormy altar of Qazlal.
  6909 | D:6      | Found an opulent altar of Gozag.
  6927 | D:6      | Became a worshipper of Gozag Ym Sagoz the Greedy
  6988 | D:6      | Reached XP level 8. HP: 59/63 MP: 11/16
  6999 | D:6      | Reached skill level 6 in Charms
  7035 | D:6      | Quit the game

Skill      XL: |  1  2  3  4  5  6  7  8 |
---------------+-------------------------+-----
Spellcasting   | 5 |  5.8
Invocations    | 1 2 3 |  3.1
Short Blades   | 1 2 |  2.8
Long Blades    | 1 2 |  2.8
Axes           | 1 2 |  2.8
Polearms       | 1 2 |  2.8
Staves         | 1 2 |  2.8
Slings         | 1 2 |  2.8
Bows           | 1 2 |  2.8
Crossbows      | 1 2 |  2.8
Throwing       | 1 2 |  2.8
Stealth        | 1 2 |  2.8
Shields        | 1 2 |  2.8
Unarmed Combat | 1 2 |  2.8
Evocations     | 1 2 |  2.8
Conjurations   | 1 2 |  2.3
Hexes          | 1 2 |  2.3
Summonings     | 1 2 |  2.3
Necromancy     | 1 2 |  2.3
Translocations | 1 2 |  2.3
Transmutations | 1 2 |  2.3
Fire Magic     | 1 2 |  2.3
Ice Magic      | 1 2 |  2.3
Air Magic      | 1 2 |  2.3
Earth Magic    | 1 2 |  2.3
Poison Magic   | 1 2 |  2.3
Armour         | 3 |  3.9
Fighting       | 5 |  5.4
Maces & Flails | 5 |  5.4
Dodging        | 5 |  5.4
Charms         | 6 |  6.0

Action                   |  1- 3 |  4- 6 |  7- 9 || total
-------------------------+-------+-------+-------++-------
Melee: Mace              |    93 |   106 |       ||   199
       Bite              |     7 |    20 |    28 ||    55
       Flail             |       |    17 |   186 ||   203
       Falchion          |       |    81 |    17 ||    98
       Punch             |       |     4 |     2 ||     6
       Staff             |       |       |    13 ||    13
 Cast: Infusion          |     3 |     8 |     4 ||    15
       Regeneration      |       |     1 |     1 ||     2
       Song of Slaying   |       |     1 |       ||     1
       Spectral Weapon   |       |       |     1 ||     1
  Use: Scroll            |       |     2 |     6 ||     8
       Potion            |       |       |     2 ||     2
 Stab: Sleeping          |     1 |     7 |     1 ||     9
  Eat: Chunk             |     1 |     7 |     1 ||     9
       Ration            |       |     2 |     3 ||     5
Armor: Leather armour    |    31 |    36 |    46 ||   113
       Ring mail         |       |       |    14 ||    14
Dodge: Dodged            |   118 |   149 |   181 ||   448
       Rpst.: Falchion   |       |    16 |     9 ||    25
